| TOP OF THE 1ST |
|
Hudson Valley Renegades batting - Pitching for Lowell Spinners : RHP Mike Schroeder
|
|
Pitching: RHP Mike Schroeder
|
|
|
Batting: LHB Dan Hunt
|
0-0: Foul Ball, location: 2F 0-1: Ball 1-1: Ball 2-1: Swinging Strike 2-2: Ball 3-2: DOUBLE (Line Drive, 89D, EV 109.4 MPH)
|
|
Batting: RHB Jesse Haddad
|
0-0: Ball 1-0: Ball 2-0: Ball 3-0: Foul Ball, location: 2F 3-1: Swinging Strike 3-2: Foul Ball, location: 2F 3-2: Base on Balls
|
|
Batting: SHB Suljo Dokic
|
0-0: Foul Ball, location: 2F 0-1: Swinging Strike 0-2: Ball 1-2: Strikes out looking
|
|
Batting: LHB Isaac Bamberg
|
0-0: Swinging Strike 0-1: Ground out 6-3 (Groundball, P, EV 86.9 MPH) Dan Hunt to third Jesse Haddad to second
|
|
Batting: RHB Freddy Mullen
|
0-0: Fly out, F4 (Popup, 3S, EV 70.6 MPH)
|
| Top of the 1st over - 0 runs, 1 hit, 0 errors, 2 left on base; Hudson Valley 0 - Lowell 0 |
| BOTTOM OF THE 1ST |
|
Lowell Spinners batting - Pitching for Hudson Valley Renegades : RHP Kevin Stewart
|
|
Pitching: RHP Kevin Stewart
|
|
|
Batting: RHB John Chiesa
|
0-0: Called Strike 0-1: Ball 1-1: Fly out, F7 (Flyball, 7LM, EV 104.4 MPH)
|
|
Batting: LHB Miguel Maymi
|
0-0: Ball 1-0: SINGLE (Line Drive, 7LS, EV 94.4 MPH)
|
|
Batting: RHB Guillermo Quintero
|
0-0: Called Strike 0-1: Ball 1-1: Ball 2-1: Grounds into double play, 4-6-3 (Groundball, 4, EV 105.0 MPH)
|
| Bottom of the 1st over - 0 runs, 1 hit, 0 errors, 0 left on base; Hudson Valley 0 - Lowell 0 |
| TOP OF THE 2ND |
|
Hudson Valley Renegades batting - Pitching for Lowell Spinners : RHP Mike Schroeder
|
|
Batting: RHB Mark Richert
|
0-0: Ground out 5-3 (Groundball, 5, EV 83.8 MPH)
|
|
Batting: RHB Khalil Walker
|
0-0: Swinging Strike 0-1: Foul Ball, location: 2F 0-2: Strikes out swinging
|
|
Batting: RHB Jesus Baires
|
0-0: Ball 1-0: Foul Ball, location: 2F 1-1: Foul Ball, location: 2F 1-2: Foul Ball, location: 2F 1-2: Strikes out swinging
|
| Top of the 2nd over - 0 runs, 0 hits, 0 errors, 0 left on base; Hudson Valley 0 - Lowell 0 |
| BOTTOM OF THE 2ND |
|
Lowell Spinners batting - Pitching for Hudson Valley Renegades : RHP Kevin Stewart
|
|
Batting: RHB Tommy Boudreaux
|
0-0: Ball 1-0: Called Strike 1-1: Ball 2-1: SINGLE (Line Drive, 5D, EV 102.5 MPH)
|
|
Batting: LHB Nelis Geurts
|
0-0: Ball 1-0: Called Strike 1-1: DOUBLE (Line Drive, 78D, EV 110.6 MPH) Tommy Boudreaux to third
|
|
Batting: LHB Danny Montoya
|
0-0: Foul Ball, location: 2F 0-1: Fly out, F6 (Flyball, 6MD, EV 92.5 MPH)
|
|
Batting: RHB Trent Hood
|
0-0: Ball 1-0: Hit by Pitch
|
|
Batting: SHB Jared Snyder
|
0-0: Grounds out, U3 (Groundball, 3L, EV 84.4 MPH) Tommy Boudreaux scores Nelis Geurts to third
|
|
Batting: RHB Jose Conde
|
0-0: Ball Wild Pitch! Nelis Geurts scores Trent Hood to third 1-0: Called Strike 1-1: Called Strike 1-2: Ball 2-2: Strikes out swinging
|
| Bottom of the 2nd over - 2 runs, 2 hits, 0 errors, 1 left on base; Hudson Valley 0 - Lowell 2 |
| TOP OF THE 3RD |
|
Hudson Valley Renegades batting - Pitching for Lowell Spinners : RHP Mike Schroeder
|
|
Batting: SHB Tirta Subandrio
|
0-0: Foul Ball, location: 2F 0-1: Ground out 5-3 (Groundball, 56, EV 85.0 MPH)
|
|
Batting: LHB Dan Hunt
|
0-0: Ball 1-0: Ball 2-0: Called Strike 2-1: Ball 3-1: Ground out 6-3 (Groundball, 6S, EV 69.4 MPH)
|
|
Batting: RHB Jesse Haddad
|
0-0: Ball 1-0: Foul Ball, location: 2F 1-1: Foul Ball, location: 2F 1-2: Fly out, F7 (Flyball, 7LS, EV 85.6 MPH)
|
| Top of the 3rd over - 0 runs, 0 hits, 0 errors, 0 left on base; Hudson Valley 0 - Lowell 2 |
| BOTTOM OF THE 3RD |
|
Lowell Spinners batting - Pitching for Hudson Valley Renegades : RHP Kevin Stewart
|
|
Batting: RHB John Chiesa
|
0-0: Ball 1-0: Ball 2-0: Ball 3-0: Called Strike 3-1: Called Strike 3-2: Fly out, F9 (Flyball, 9, EV 82.5 MPH)
|
|
Batting: LHB Miguel Maymi
|
0-0: Foul Ball, location: 2F 0-1: Swinging Strike 0-2: Ball 1-2: Strikes out swinging
|
|
Batting: RHB Guillermo Quintero
|
0-0: Ball 1-0: Called Strike 1-1: Foul Ball, location: 2F 1-2: Ground out 6-3 (Groundball, 56D, EV 88.1 MPH)
|
| Bottom of the 3rd over - 0 runs, 0 hits, 0 errors, 0 left on base; Hudson Valley 0 - Lowell 2 |
| TOP OF THE 4TH |
|
Hudson Valley Renegades batting - Pitching for Lowell Spinners : RHP Mike Schroeder
|
|
Batting: SHB Suljo Dokic
|
0-0: Called Strike 0-1: Ball 1-1: Ball 2-1: Ball 3-1: Foul Ball, location: 2F 3-2: Foul Ball, location: 2F 3-2: Base on Balls
|
|
Batting: LHB Isaac Bamberg
|
0-0: Ball 1-0: Ball 2-0: 2-RUN HOME RUN (Flyball, 9D, EV 98.8 MPH), Distance : 390 ft
|
|
Batting: RHB Freddy Mullen
|
0-0: Swinging Strike 0-1: Ball 1-1: Foul Ball, location: 2F 1-2: Ball 2-2: SOLO HOME RUN (Flyball, 89XD, EV 105.6 MPH), Distance : 400 ft
|
|
Batting: RHB Mark Richert
|
0-0: Ball 1-0: Ground out 4-3 (Groundball, 4M, EV 85.6 MPH)
|
|
Batting: RHB Khalil Walker
|
0-0: Swinging Strike 0-1: Ball 1-1: Foul Ball, location: 2F 1-2: Ball 2-2: Foul Ball, location: 2F 2-2: Foul Ball, location: 2F 2-2: Ball 3-2: Strikes out swinging
|
|
Batting: RHB Jesus Baires
|
0-0: Ground out 5-3 (Groundball, 5, EV 90.0 MPH)
|
| Top of the 4th over - 3 runs, 2 hits, 0 errors, 0 left on base; Hudson Valley 3 - Lowell 2 |
| BOTTOM OF THE 4TH |
|
Lowell Spinners batting - Pitching for Hudson Valley Renegades : RHP Kevin Stewart
|
|
Batting: RHB Tommy Boudreaux
|
0-0: Foul Ball, location: 2F 0-1: Ball 1-1: Ball 2-1: Ball 3-1: Base on Balls
|
|
Batting: LHB Nelis Geurts
|
0-0: SINGLE (Flyball, 9LS, EV 91.2 MPH) Tommy Boudreaux to second
|
|
Batting: LHB Danny Montoya
|
0-0: DOUBLE (Groundball, 3L, EV 98.8 MPH) Tommy Boudreaux scores Nelis Geurts to third Runner from 3rd tries for Home, SAFE, throw by RF to trailing runner, SAFE at third!
|
|
Batting: RHB Trent Hood
|
0-0: Swinging Strike 0-1: Called Strike 0-2: Ball 1-2: Ground out 6-3 (Groundball, P, EV 90.6 MPH)
|
|
Batting: SHB Jared Snyder
|
0-0: Swinging Strike 0-1: Swinging Strike 0-2: Ball 1-2: Ball 2-2: Ball 3-2: Reached on error, E4 (Groundball, 34, EV 89.4 MPH) Danny Montoya scores
|
|
Pitching: RHP Carlos Najera
|
|
|
Batting: RHB Jose Conde
|
0-0: Fly out, F7 (Flyball, 7D, EV 85.6 MPH)
|
|
Batting: RHB John Chiesa
|
0-0: Ball 1-0: DOUBLE (Line Drive, 89D, EV 108.1 MPH) Jared Snyder to third
|
|
Batting: LHB Miguel Maymi
|
0-0: Swinging Strike 0-1: Ground out 4-3 (Groundball, 4, EV 107.5 MPH)
|
| Bottom of the 4th over - 3 runs, 3 hits, 1 error, 2 left on base; Hudson Valley 3 - Lowell 5 |
| TOP OF THE 5TH |
|
Hudson Valley Renegades batting - Pitching for Lowell Spinners : RHP Mike Schroeder
|
|
Batting: SHB Tirta Subandrio
|
0-0: Ball 1-0: Swinging Strike 1-1: Ball 2-1: Swinging Strike 2-2: Strikes out swinging
|
|
Batting: LHB Dan Hunt
|
0-0: Foul Ball, location: 2F 0-1: Ball 1-1: Ball 2-1: Ground out 6-3 (Groundball, 6, EV 103.1 MPH)
|
|
Batting: RHB Jesse Haddad
|
0-0: Ball 1-0: Fly out, F9 (Flyball, 9LM, EV 80.6 MPH)
|
| Top of the 5th over - 0 runs, 0 hits, 0 errors, 0 left on base; Hudson Valley 3 - Lowell 5 |
| BOTTOM OF THE 5TH |
|
Lowell Spinners batting - Pitching for Hudson Valley Renegades : RHP Carlos Najera
|
|
Batting: RHB Guillermo Quintero
|
0-0: Called Strike 0-1: Foul Ball, location: 2F 0-2: Strikes out swinging
|
|
Batting: RHB Tommy Boudreaux
|
0-0: Ball 1-0: Ball 2-0: Swinging Strike 2-1: Ball 3-1: SINGLE (Groundball, 4MD, EV 100.6 MPH)
|
|
Batting: LHB Nelis Geurts
|
0-0: Ball 1-0: Fielders Choice at 2nd, 6-4 (Groundball, 6, EV 82.5 MPH)
|
|
Batting: LHB Danny Montoya
|
0-0: Ball 1-0: Fly out, F6 (Popup, 56D, EV 53.8 MPH)
|
| Bottom of the 5th over - 0 runs, 1 hit, 0 errors, 1 left on base; Hudson Valley 3 - Lowell 5 |
| TOP OF THE 6TH |
|
Hudson Valley Renegades batting - Pitching for Lowell Spinners : RHP Mike Schroeder
|
|
Batting: SHB Suljo Dokic
|
0-0: Foul Ball, location: 2F 0-1: Called Strike 0-2: Foul Ball, location: 2F 0-2: Ball 1-2: Strikes out swinging
|
|
Batting: LHB Isaac Bamberg
|
0-0: Swinging Strike 0-1: Called Strike 0-2: Strikes out swinging, 2-3 out at first.
|
|
Batting: RHB Freddy Mullen
|
0-0: SINGLE (Groundball, 6D, EV 99.4 MPH)
|
|
Pitching: LHP Bryan Schaffer
|
|
|
Batting: RHB Mark Richert
|
0-0: Foul Ball, location: 2F 0-1: Ball 1-1: Foul Ball, location: 2F 1-2: Foul Ball, location: 2F 1-2: Ball 2-2: SINGLE (Flyball, 8LS, EV 85.0 MPH) Freddy Mullen to second
|
|
Batting: RHB Khalil Walker
|
0-0: Swinging Strike 0-1: Called Strike 0-2: Ball Wild Pitch! Freddy Mullen to third Mark Richert to second 1-2: Strikes out swinging
|
| Top of the 6th over - 0 runs, 2 hits, 0 errors, 2 left on base; Hudson Valley 3 - Lowell 5 |
| BOTTOM OF THE 6TH |
|
Lowell Spinners batting - Pitching for Hudson Valley Renegades : RHP Carlos Najera
|
|
Batting: RHB Trent Hood
|
0-0: Called Strike 0-1: Foul Ball, location: 2F 0-2: Foul Ball, location: 2F 0-2: Ball 1-2: Foul Ball, location: 2F 1-2: Strikes out looking
|
|
Batting: SHB Jared Snyder
|
0-0: Ball 1-0: Fly out, F5 (Popup, 56, EV 70.0 MPH)
|
|
Batting: RHB Jose Conde
|
0-0: Ball 1-0: Called Strike 1-1: DOUBLE (Line Drive, 5D, EV 98.1 MPH)
|
|
Batting: RHB John Chiesa
|
0-0: Called Strike 0-1: SINGLE (Flyball, 34D, EV 88.1 MPH) Jose Conde to third Runner from 3rd tries for Home, throw by RF and OUT! 9-2
|
| Bottom of the 6th over - 0 runs, 2 hits, 0 errors, 1 left on base; Hudson Valley 3 - Lowell 5 |
| TOP OF THE 7TH |
|
Hudson Valley Renegades batting - Pitching for Lowell Spinners : LHP Bryan Schaffer
|
|
Batting: RHB Jesus Baires
|
0-0: Ground out 4-3 (Groundball, 4, EV 92.5 MPH)
|
|
Batting: SHB Tirta Subandrio
|
0-0: Called Strike 0-1: Foul Ball, location: 2F 0-2: Strikes out swinging
|
|
Batting: LHB Dan Hunt
|
0-0: Called Strike 0-1: Swinging Strike 0-2: Foul Ball, location: 2F 0-2: Strikes out swinging
|
| Top of the 7th over - 0 runs, 0 hits, 0 errors, 0 left on base; Hudson Valley 3 - Lowell 5 |
| BOTTOM OF THE 7TH |
|
Lowell Spinners batting - Pitching for Hudson Valley Renegades : RHP Carlos Najera
|
|
Batting: LHB Miguel Maymi
|
0-0: Called Strike 0-1: Ground out 6-3 (Groundball, 6, EV 86.2 MPH)
|
|
Batting: RHB Guillermo Quintero
|
0-0: Ground out 5-3 (Groundball, 56, EV 88.8 MPH)
|
|
Batting: RHB Tommy Boudreaux
|
0-0: Swinging Strike 0-1: Ball 1-1: Ball 2-1: Foul Ball, location: 2F 2-2: Strikes out swinging
|
| Bottom of the 7th over - 0 runs, 0 hits, 0 errors, 0 left on base; Hudson Valley 3 - Lowell 5 |
| TOP OF THE 8TH |
|
Hudson Valley Renegades batting - Pitching for Lowell Spinners : LHP Bryan Schaffer
|
|
Batting: RHB Jesse Haddad
|
0-0: Ball 1-0: Called Strike 1-1: Ground out 5-3 (Groundball, 5, EV 92.5 MPH)
|
|
Batting: SHB Suljo Dokic
|
0-0: Ball 1-0: Called Strike 1-1: Ground out 5-3 (Groundball, 56S, EV 73.8 MPH)
|
|
Batting: RHB Eddie Zamora
|
0-0: Ball 1-0: Called Strike 1-1: SINGLE (Groundball, 6MD, EV 98.1 MPH)
|
|
Batting: RHB Freddy Mullen
|
0-0: Foul Ball, location: 2F 0-1: Ground out 5-3 (Groundball, 56S, EV 91.9 MPH)
|
| Top of the 8th over - 0 runs, 1 hit, 0 errors, 1 left on base; Hudson Valley 3 - Lowell 5 |
| BOTTOM OF THE 8TH |
|
Lowell Spinners batting - Pitching for Hudson Valley Renegades : RHP Carlos Najera
|
|
Batting: LHB Nelis Geurts
|
0-0: Called Strike 0-1: Ball 1-1: DOUBLE (Line Drive, 9LM, EV 107.5 MPH)
|
|
Batting: LHB Danny Montoya
|
0-0: Ball 1-0: Swinging Strike 1-1: Foul Ball, location: 2F 1-2: Strikes out swinging
|
|
Batting: RHB Trent Hood
|
0-0: Called Strike 0-1: Ground out 5-3 (Groundball, 5, EV 89.4 MPH)
|
|
Batting: SHB Jared Snyder
|
0-0: Swinging Strike 0-1: Ball 1-1: Called Strike 1-2: Ball 2-2: Strikes out swinging
|
| Bottom of the 8th over - 0 runs, 1 hit, 0 errors, 1 left on base; Hudson Valley 3 - Lowell 5 |
| TOP OF THE 9TH |
|
Hudson Valley Renegades batting - Pitching for Lowell Spinners : LHP Bryan Schaffer
|
|
Pitching: RHP Juan Mejia
|
|
|
Batting: RHB Mark Richert
|
0-0: Called Strike 0-1: Ball 1-1: Ball 2-1: Foul Ball, location: 2F 2-2: Ball 3-2: Strikes out swinging
|
|
Pinch Hitting: LHB Killian Chaumont
|
0-0: Called Strike 0-1: Ball 1-1: Ball 2-1: Ball 3-1: Base on Balls
|
|
Batting: RHB Jesus Baires
|
0-0: Foul Ball, location: 2F 0-1: Swinging Strike 0-2: Ball 1-2: Strikes out swinging
|
|
Batting: SHB Tirta Subandrio
|
0-0: Ball 1-0: Fielders Choice at 2nd, 6-4 (Groundball, 6, EV 81.9 MPH)
|
| Top of the 9th over - 0 runs, 0 hits, 0 errors, 1 left on base; Hudson Valley 3 - Lowell 5 |
|